 Dungeon Crawl Stone Soup version 0.30.0-10-gfe55d96785 (webtiles) character file.

Game seed: 5340109009399028120

95 Demosthentine the Ducker (level 4, 0/34 HPs)
             Began as a Demonspawn Gladiator on May 13, 2023.
             Succumbed to an adder's poison
             ... on level 3 of the Dungeon.
             The game lasted 00:01:12 (1669 turns).

Demosthentine the Ducker (Demonspawn Gladiator)     Turns: 1669, Time: 00:01:12

Health: 0/34       AC:  7    Str: 16    XL:     4   Next: 40%
Magic:  4/4        EV: 12    Int:  9    God:
Gold:   95         SH:  0    Dex: 15    Spells: 3/3 levels left

rFire   . . .        a - +0 trident
rCold   . . .        (no shield)
rNeg    . . .        b - +0 leather armour
rPois   .            c - +0 helmet
rElec   .            (no cloak)
rCorr   .            f - +0 pair of gloves
SInv    .            (no boots)
Will    .....        (no amulet)
Stlth   +            (no ring)
HPRegen 0.25/turn    (no ring)
MPRegen 0.09/turn

%: no passive effects
@: mighty, lethally poisoned (0 -> -1)
A: yellow scales 1
a: no special abilities


You were on level 3 of the Dungeon.
You visited 1 branch of the dungeon, and saw 3 of its levels.

You collected 95 gold pieces.

Inventory:

Hand Weapons
 a - a +0 trident (weapon)
Missiles
 d - 3 throwing nets (quivered)
 e - a javelin
Armour
 b - a +0 leather armour (worn)
 c - a +0 helmet (worn)
 f - a +0 pair of gloves (worn)
Scrolls
 h - a scroll of teleportation {unknown}
 j - a scroll of identify
Potions
 g - a potion of brilliance
 i - a potion of haste


   Skills:
 + Level 2.8 Fighting
 + Level 3.3 Polearms
 - Level 1.7 Throwing
 + Level 1.6 Armour
 + Level 3.3 Dodging


You had 3 spell levels left.
You didn't know any spells.
Your spell library contained the following spells:

 Spells                   Type           Power      Damage    Failure   Level
 Kiss of Death            Conj/Necr      0%         2d5       45%         1
 Sandblast                Erth           0%         2d4       45%         1
 Passwall                 Tmut/Erth      0%         N/A       58%         2
 Confusing Touch          Hex            0%         N/A       83%         3
 Inner Flame              Hex/Fire       0%         N/A       83%         3
 Stone Arrow              Conj/Erth      0%         3d7       83%         3
 Dispel Undead            Necr           0%         3d6       99%         4
 Flame Wave               Conj/Fire      0%         2d4       99%         4
 Sticky Flame             Conj/Fire      0%         2d3       99%         4


Dungeon Overview and Level Annotations

Branches:
Dungeon (3/15)

Altars:

Shops:
D:1 *   D:2 :


Innate Abilities, Weirdness & Mutations

You are partially covered in yellow scales. (AC +2)


Message History

You hit the adder but do no damage.
The adder is heavily wounded.
You feel sick.
You are no longer poisoned.
The adder bites you but does no damage.
Unknown command.
You barely miss the adder.
The adder is heavily wounded.
The adder closely misses you. The worm bites you.
Unknown command.
You are too injured to fight recklessly!
Unknown command.
You are too injured to fight recklessly!
Unknown command.
You are too injured to fight recklessly!
You are too injured to fight recklessly!
You hit the adder.
The adder is severely wounded.
The adder closely misses you. The adder bites you but does no damage.
The worm bites you.
You barely miss the adder.
The adder is severely wounded.
The adder bites you.
You are poisoned.
The adder poisons you! The adder bites you.
* * * LOW HITPOINT WARNING * * *
You closely miss the adder.
The adder is severely wounded.
You feel sick. The worm bites you!
* * * LOW HITPOINT WARNING * * *
The adder completely misses you.
Unknown command.
It was a potion of might.
You feel very mighty all of a sudden.
* * * LOW HITPOINT WARNING * * *
You feel sick. The adder barely misses you. The worm barely misses you.
Unknown command.
You closely miss the adder.
The adder is severely wounded.
You die...

####### ..
####......# ##.
##.......... # ..
#S@#....#....#.#.#
#.w##....## .....
.....#....).# .#
#.#.#
......##..##..##..
#..† ......#..##
#..#.# #..
......#..####..#.##
##. .....
##..##..##..# ##..
.....
#......#...###...
##....##..#.#<#..


You could see a worm and an adder.

Vanquished Creatures
  5 adders
  2 dart slugs (D:2)
  4 bats
  5 endoplasms
  A giant cockroach (D:1)
  6 goblins
  3 hobgoblins (D:1)
  4 jackals (D:2)
  3 kobolds
  6 ball pythons
  4 frilled lizards
  2 rats
45 creatures vanquished.

Notes
Turn   | Place    | Note
-------+----------+-------------------------------------------
     0 | D:1      | Demosthentine the Demonspawn Gladiator began the quest for
                  | the Orb.
     0 | D:1      | Reached XP level 1. HP: 16/16 MP: 1/1
   157 | D:1      | Gained mutation: You are partially covered in yellow
                  | scales. (AC +2) [demonic ancestry]
   157 | D:1      | Reached XP level 2. HP: 19/22 MP: 2/2
   253 | D:1      | Found Kioduequ's Assorted Antiques.
   481 | D:1      | Reached skill level 1 in Armour
   775 | D:2      | Found Udemat's Book Shop.
   817 | D:2      | Reached XP level 3. HP: 19/28 MP: 3/3
  1240 | D:2      | Reached XP level 4. HP: 34/34 MP: 4/4
  1414 | D:2      | Found a faded altar of an unknown god.
  1667 | D:3      | HP: 1/34 [worm (7)]
  1669 | D:3      | Succumbed to an adder's poison

Illustrated notes

Levels and vault maps discovered:
D:1:      dpeg_arrival_rooms_a, layout_loops_ring, serial_shops, shop
D:2:      layout_loops_corners, basic_ecumenical_altar, serial_shops, shop
D:3:      layout_loops_ring, nicolae_qazlal_eye_of_the_storm,
          mainiacjoe_overflow_surrounded_room, minmay_misc_feat_iff,
          kennysheep_generic_room_4

Skill      XL: |  1  2 |
---------------+-------+-----
Polearms       | 3 |  3.3
Dodging        | 3 |  3.3
Armour         | 1 |  1.6
Fighting       | |  2.8
Throwing       | |  1.7

Action                     |  1- 3 |  4- 6 || total
---------------------------+-------+-------++-------
  Melee: Trident           |   119 |    34 ||   153
         Punch             |     1 |       ||     1
    Use: Scroll            |     3 |     3 ||     6
         Potion            |       |     1 ||     1
   Stab: Sleeping          |     2 |     1 ||     3
 Armour: Leather armour    |    36 |    14 ||    50
  Dodge: Dodged            |    58 |    19 ||    77
